Map: Oceanborn LE

Players

Reynor

  • Race: Zerg Zerg
  • League: Master
  • Spawn Location: 5:00

ShoWTimE - Winner!

  • Race: Protoss Protoss
  • League: Master
  • Spawn Location: 11:00

VOD

Have the link to the VOD?

Description

Time

  • Played on: Dec. 28, 2023, 9:11 a.m.
  • Length: 25:33
Show
View Real Time Build Order
Export as new Build Order

Reynor Zerg 

Build Orders: Hatch First, Brood Lord Corruptor 

Get SALT Encoding   

  12  0:00  Drone  
  13  0:07  Drone  
  13  0:14  Drone, Extractor  
  15  0:36  Hatchery  
  15  0:42  Drone, Extractor  
  14  0:48  Overlord  
  15  1:04  Spawning Pool  
  14  1:06  Drone  
  14  1:10  Drone  
  16  1:15  Drone  
  17  1:18  Drone  
  18  1:28  Drone  
  18  1:29  Extractor  
  18  1:39  Drone  
  19  1:50  Drone, Queen  
  19  1:51  Queen  
  24  1:54  Drone  
  24  1:59  Drone  
  26  2:02  Overlord  
  26  2:09  Drone  
  26  2:11  Drone  
  28  2:21  Drone x2  
  30  2:31  Hatchery  
  30  2:33  Zergling x2  
  30  2:34  Zergling x2  
  31  2:40  Queen  
  33  2:45  Overlord  
  33  2:48  Drone  
  34  2:54  Queen  
  36  3:01  Overlord  
  36  3:03  Drone x2  
  36  3:05  Zergling x2  
  39  3:07  Zergling x2  
  39  3:09  Drone  
  39  3:12  Drone  
  42  3:13  Drone  
  42  3:18  Overlord  
  43  3:22  Drone x2  
  45  3:27  Queen  
  45  3:29  Drone  
  45  3:33  Drone x2  
  50  3:36  Overlord  
  50  3:38  Drone  
  50  3:40  Drone  
  52  3:44  Metabolic Boost  
  52  3:48  Queen  
  52  3:50  Drone  
  52  3:52  Drone  
  52  3:54  Drone  
  52  3:55  Drone  
  58  4:01  Queen  
  60  4:04  Spore Crawler, Drone  
  60  4:08  Drone x3  
  63  4:13  Overlord  
  63  4:15  Drone x2  
  65  4:19  Spore Crawler  
  65  4:22  Drone x2  
  65  4:23  Drone  
  67  4:24  Evolution Chamber  
  67  4:26  Drone x2  
  67  4:30  Drone x2  
  67  4:31  Drone  
  71  4:34  Overlord  
  71  4:38  Spore Crawler  
  70  4:42  Drone x4  
  74  4:50  Zerg Melee Weapons Level 1  
  74  4:51  Zergling x6  
  77  4:53  Zergling x6  
  77  4:56  Overlord  
  80  5:05  Overlord  
  80  5:06  Drone x2  
  82  5:10  Hatchery  
  82  5:11  Drone x4  
  82  5:14  Lair  
  85  5:16  Drone x2  
  85  5:17  Drone  
  85  5:20  Drone x2  
  85  5:21  Drone  
  91  5:26  Extractor  
  91  5:27  Extractor  
  89  5:29  Drone x4  
  89  5:32  Drone, Extractor  
  89  5:33  Roach Warren, Drone  
  88  5:40  Drone x2  
  88  5:41  Overlord  
  90  5:44  Zergling x6, Extractor  
  90  5:45  Extractor  
  91  5:52  Zergling x6  
  91  5:53  Overlord  
  91  5:56  Zergling x2  
  95  6:00  Zergling x6  
  95  6:02  Overlord  
  98  6:06  Drone x2  
  100  6:13  Overlord  
  98  6:19  Drone x2  
  98  6:21  Drone x2  
  98  6:22  Drone x4  
  98  6:23  Overlord  
  98  6:24  Overseer  
  106  6:30  Glial Reconstitution  
  106  6:34  Infestation Pit  
  106  6:36  Drone x2, Spore Crawler, Baneling Nest  
  106  6:37  Overlord  
  106  6:39  Drone x4  
  109  6:42  Overlord  
  109  6:43  Drone x2  
  111  6:49  Overlord  
  111  6:50  Drone  
  111  6:52  Zerg Melee Weapons Level 2  
  112  6:57  Drone x4  
  112  6:59  Roach x4  
  112  7:00  Roach x2  
  128  7:02  Hatchery, Roach  
  128  7:06  Roach x2  
  133  7:08  Roach  
  133  7:11  Roach  
  133  7:12  Hive  
  136  7:17  Overlord  
  136  7:18  Roach x4  
  136  7:22  Roach  
  143  7:23  Roach  
  143  7:25  Roach  
  143  7:26  Roach x2  
  149  7:30  Roach x2  
  149  7:31  Roach x3  
  149  7:32  Overlord  
  159  7:39  Roach x2  
  159  7:41  Roach  
  162  7:46  Roach  
  162  7:47  Roach x3  
  162  7:48  Roach x3  
  162  7:50  Roach  
  160  7:58  Centrifugal Hooks  
  160  8:03  Hatchery  
  157  8:07  Zergling x12  
  157  8:09  Zergling x2  
  164  8:12  Spire  
  164  8:13  Zergling x6  
  166  8:20  Drone x4  
  166  8:22  Drone x2  
  166  8:24  Drone x2  
  166  8:25  Drone x2  
  176  8:32  Viper x3  
  185  8:34  Zergling x4  
  185  8:36  Ravager x2  
  185  8:37  Overlord  
  185  8:40  Drone x2  
  191  8:43  Spine Crawler  
  191  8:45  Adrenal Glands  
  190  8:48  Spore Crawler  
  190  8:52  Zergling x6  
  190  8:53  Zergling x4  
  190  8:54  Overlord  
  192  9:01  Zergling x2  
  192  9:02  Zergling x6  
  196  9:05  Zergling x4  
  198  9:11  Zerg Melee Weapons Level 3  
  198  9:14  Zergling x2  
  198  9:15  Zergling x2  
  198  9:22  Baneling  
  198  9:23  Baneling x16  
  187  9:35  Greater Spire  
  187  9:40  Drone x13  
  187  9:42  Baneling x3  
  187  9:43  Baneling x4  
  200  9:58  Extractor  
  198  10:06  Spine Crawler x2, Spore Crawler  
  195  10:08  Zergling x4, Evolution Chamber  
  195  10:09  Zergling x10, Extractor  
  197  10:25  Ravager x2  
  199  10:33  Spine Crawler x3, Spore Crawler  
  189  10:44  Corruptor x4  
  189  10:45  Corruptor  
  199  10:54  Zerg Ground Armor Level 1  
  199  11:00  Corruptor x2  
  176  11:22  Brood Lord x5  
  176  11:24  Zergling x6  
  176  11:25  Zergling x28  
  200  11:32  Overlord  
  198  11:34  Brood Lord  
  199  11:41  Brood Lord  
  184  11:50  Zergling x28  
  184  11:52  Corruptor x2  
  184  11:53  Corruptor  
  199  12:02  Zerg Flyer Weapons Level 1  
  199  12:04  Hatchery, Spire  
  197  12:12  Spine Crawler x2  
  197  12:13  Spine Crawler  
  197  12:14  Spine Crawler x2  
  197  12:15  Spine Crawler x2  
  190  12:16  Spine Crawler  
  190  12:18  Baneling x8  
  190  12:22  Ultralisk Cavern, Zergling x18  
  197  12:24  Hatchery  
  197  12:26  Brood Lord  
  197  12:29  Drone x2  
  200  12:43  Extractor x2  
  200  12:44  Spine Crawler x2, Spore Crawler, Brood Lord x2  
  192  12:47  Zergling x2  
  192  12:48  Zergling x10  
  200  12:59  Spine Crawler x2  
  200  13:00  Infestor  
  188  13:26  Chitinous Plating  
  176  13:30  Drone x4  
  176  13:31  Drone x4  
  181  13:36  Zerg Flyer Armor Level 1  
  181  13:37  Corruptor x4  
  189  13:43  Spine Crawler x2  
  189  13:44  Spine Crawler  
  186  13:48  Queen  
  186  13:55  Zerg Ground Armor Level 2  
  188  14:03  Zergling x24  
  199  14:39  Hatchery  
  198  14:48  Brood Lord  
  198  14:50  Brood Lord x2  
  198  14:51  Brood Lord  
  198  14:52  Zergling x16  
  198  14:53  Queen, Zergling x4  
  198  14:55  Zergling x8  
  197  15:01  Zergling x6  
  198  15:13  Drone x3  
  192  15:32  Ultralisk  
  191  15:40  Hatchery, Ultralisk x3  
  191  15:42  Anabolic Synthesis  
  194  15:45  Ultralisk  
  194  15:49  Zergling x18  
  199  15:50  Spore Crawler x4, Zergling x2  
  199  15:54  Drone x4  
  194  15:58  Zerg Flyer Weapons Level 2, Zerg Flyer Armor Level 2  
  194  16:16  Baneling x10  
  194  16:26  Drone x6  
  194  16:31  Baneling x7  
  200  16:44  Zerg Ground Armor Level 3  
  199  17:07  Hatchery  
  183  17:12  Zergling x34  
  194  17:18  Infestor x2  
  194  17:19  Zergling x14  
  194  17:20  Zergling x2  
  194  17:22  Infestor x2  
  198  17:24  Ultralisk  
  198  17:35  Infestor x3  
  198  17:36  Infestor  
  195  18:03  Corruptor x2  
  199  18:12  Spore Crawler x3  
  196  18:13  Spore Crawler x2  
  192  18:25  Neural Parasite  
  184  18:30  Ultralisk x3  
  184  18:37  Zergling x2, Ultralisk x3  
  198  18:44  Corruptor  
  200  18:51  Corruptor x2  
  196  19:03  Corruptor x4  
  194  19:19  Infestor x3  
  194  19:22  Burrow  
  194  19:23  Zerg Flyer Weapons Level 3  
  194  19:24  Zerg Flyer Armor Level 3  
  197  19:58  Corruptor x4  
  193  20:12  Zergling x24  
  175  20:27  Zergling x2, Ultralisk  
  175  20:28  Zergling x14  
  181  20:29  Viper x2  
  181  20:32  Ultralisk x2  
  198  20:39  Zergling x2  
  193  20:53  Drone x14  
  193  20:57  Ultralisk  
  193  20:58  Baneling x10  
  193  20:59  Baneling x2  
  199  21:10  Hatchery  
  198  21:23  Infestor  
  197  21:58  Corruptor  
  175  22:30  Zergling x10  
  169  22:39  Ultralisk x3  
  181  22:50  Viper x2  
  187  22:51  Corruptor x4  
  187  22:52  Corruptor x2  
  190  23:11  Spore Crawler  
  190  23:12  Spore Crawler x2  
  187  23:14  Spore Crawler x2  
  187  23:16  Ultralisk x2  
  187  23:18  Zergling x6  
  200  23:25  Overseer  
  200  23:26  Overseer  
  200  23:30  Hatchery  
  196  23:42  Zergling x6  
  198  23:49  Baneling x8  
  198  23:51  Infestor x4  
  198  23:52  Infestor  
  151  24:24  Zergling x10  
  151  24:25  Zergling x20  
  148  24:33  Ultralisk x2  
  148  24:34  Zergling x14, Ultralisk x2  
  179  24:47  Overseer x2  
  179  24:51  Zergling x8  
  179  24:52  Zergling x8  
  144  25:10  Zergling x20  
Show
View Real Time Build Order
Export as new Build Order

ShoWTimE Protoss - Winner!

Build Orders: 1 Gate Expand, Oracle Opening, Archon Immortal 

Get SALT Encoding   

  12  0:00  Probe  
  13  0:12  Probe  
  14  0:19  Pylon  
  14  0:24  Probe  
  15  0:37  Probe (Chrono Boost)  
  15  0:39  Gateway  
  16  0:46  Probe (Chrono Boost)  
  16  0:48  Assimilator  
  17  0:51  Probe (Chrono Boost)  
  18  1:03  Probe  
  19  1:15  Probe  
  20  1:24  Nexus  
  20  1:35  Cybernetics Core  
  20  1:37  Probe  
  21  1:43  Assimilator  
  21  1:49  Probe  
  21  1:52  Pylon  
  22  2:02  Probe  
  23  2:09  Adept (Chrono Boost)  
  23  2:14  Probe  
  26  2:21  Stargate  
  26  2:26  Probe (Chrono Boost)  
  26  2:29  Adept (Chrono Boost)  
  27  2:34  Warp Gate  
  27  2:37  Probe (Chrono Boost)  
  31  2:44  Probe (Chrono Boost)  
  31  2:46  Probe (Chrono Boost)  
  31  2:50  Probe (Chrono Boost)  
  31  2:51  Adept, Probe (Chrono Boost)  
  36  3:02  Probe  
  36  3:03  Oracle (Chrono Boost), Probe  
  36  3:05  Pylon  
  41  3:14  Probe  
  41  3:15  Probe  
  43  3:26  Probe  
  44  3:27  Probe  
  44  3:31  Nexus  
  45  3:35  Oracle (Chrono Boost)  
  45  3:38  Probe  
  45  3:40  Probe  
  50  3:44  Pylon  
  50  3:50  Gateway  
  50  3:54  Probe x2  
  52  3:58  Assimilator  
  52  4:01  Assimilator  
  52  4:04  Oracle (Chrono Boost)  
  52  4:06  Probe  
  52  4:07  Probe  
  57  4:11  Pylon  
  57  4:19  Probe x2  
  57  4:22  Pylon  
  59  4:24  Adept  
  59  4:31  Probe x2  
  63  4:37  Twilight Council  
  63  4:38  Forge  
  63  4:43  Probe (Chrono Boost)  
  63  4:44  Sentry  
  68  4:48  Probe (Chrono Boost)  
  68  4:49  Probe (Chrono Boost)  
  68  4:51  Shield Battery  
  68  4:52  Sentry, Probe (Chrono Boost)  
  71  4:56  Probe x2 (Chrono Boost)  
  71  4:57  Probe (Chrono Boost)  
  74  5:01  Protoss Ground Weapons Level 1 (Chrono Boost)  
  74  5:02  Pylon  
  74  5:07  Probe x2  
  74  5:08  Charge (Chrono Boost)  
  74  5:09  Probe  
  74  5:12  Gateway  
  77  5:19  Probe x2  
  79  5:22  Probe  
  79  5:26  Zealot x2  
  84  5:31  Probe x2  
  84  5:34  Probe  
  81  5:35  Robotics Facility  
  81  5:38  Assimilator  
  81  5:41  Gateway, Templar Archives  
  81  5:42  Assimilator  
  81  5:43  Probe x2  
  81  5:46  Probe  
  81  5:47  Gateway  
  84  5:52  Gateway  
  84  5:55  Probe x2  
  86  5:58  Probe  
  87  6:05  Gateway  
  87  6:06  Gateway  
  87  6:07  Probe  
  87  6:08  Gateway, Probe  
  89  6:12  Zealot x3, Phoenix  
  89  6:13  Phoenix  
  95  6:23  Warp Prism (Chrono Boost)  
  95  6:25  Probe  
  96  6:29  Pylon  
  96  6:30  Photon Cannon  
  98  6:33  Zealot  
  98  6:36  Pylon  
  98  6:38  Pylon  
  100  6:47  High Templar x2, Pylon  
  100  6:48  High Templar x2  
  100  6:53  Archon  
  100  6:54  Gateway, Archon  
  109  6:56  Observer (Chrono Boost)  
  109  6:57  Zealot x2  
  113  7:02  Zealot x3, Pylon  
  113  7:03  Pylon  
  119  7:10  Protoss Ground Weapons Level 2 (Chrono Boost)  
  119  7:14  Pylon  
  119  7:24  Zealot x8  
  119  7:26  Psionic Storm  
  135  7:43  Zealot  
  137  7:45  Zealot x8  
  137  7:47  Immortal (Chrono Boost)  
  129  8:06  Zealot x2, High Templar x5  
  143  8:13  Zealot x2  
  143  8:16  Immortal (Chrono Boost)  
  151  8:24  Shield Battery  
  151  8:26  Pylon  
  151  8:30  Nexus  
  151  8:32  Pylon  
  151  8:33  Robotics Facility  
  148  8:42  High Templar x4  
  148  8:43  Photon Cannon  
  148  8:45  Shield Battery  
  148  8:46  Archon, Pylon  
  148  8:47  Archon  
  156  8:48  Immortal  
  156  8:52  Zealot  
  156  8:53  Zealot x2  
  166  8:59  Probe x2  
  166  9:00  Stalker, Probe  
  169  9:02  Pylon  
  169  9:04  Zealot  
  163  9:11  Zealot  
  165  9:26  Forge  
  165  9:27  Probe x3  
  165  9:28  Assimilator  
  165  9:31  Assimilator, Immortal (Chrono Boost)  
  166  9:35  Photon Cannon  
  166  9:36  Photon Cannon  
  166  9:37  High Templar x4  
  166  9:38  Shield Battery  
  172  9:39  Probe  
  172  9:40  Probe  
  172  9:42  Pylon  
  172  9:43  Archon, Probe  
  172  9:44  Archon, Photon Cannon  
  173  10:01  Zealot x6  
  185  10:11  Protoss Ground Weapons Level 3 (Chrono Boost)  
  189  10:14  Protoss Ground Armor Level 1 (Chrono Boost)  
  189  10:15  Immortal (Chrono Boost)  
  189  10:20  Blink  
  179  10:21  High Templar x2  
  179  10:22  Zealot x5  
  179  10:25  Archon  
  179  10:45  Pylon  
  179  10:48  Nexus  
  177  10:50  Shield Battery  
  177  10:51  Protoss Air Weapons Level 1 (Chrono Boost)  
  177  10:54  High Templar x2  
  177  10:55  Zealot, High Templar x2  
  177  10:56  Zealot x5  
  197  10:58  Archon  
  197  11:00  Archon  
  194  11:10  Photon Cannon  
  194  11:11  Warp Prism (Chrono Boost)  
  176  11:12  Probe x2, Photon Cannon  
  176  11:13  Shield Battery, Probe  
  176  11:17  Stalker x4  
  189  11:26  Zealot x3  
  189  11:27  Probe x2  
  189  11:28  Probe x2  
  197  11:33  Zealot x3  
  194  11:44  Probe x2  
  188  11:47  Probe  
  188  11:49  Pylon  
  188  11:52  Pylon  
  177  11:54  Protoss Ground Armor Level 2 (Chrono Boost)  
  177  12:00  Fleet Beacon  
  177  12:03  Stargate  
  177  12:05  High Templar, Stargate  
  179  12:08  Stalker x3  
  179  12:14  Photon Cannon  
  185  12:21  Photon Cannon  
  185  12:23  Photon Cannon  
  185  12:26  Assimilator  
  185  12:27  Stalker  
  185  12:28  Stalker x2  
  185  12:29  Assimilator  
  191  12:33  Protoss Shields Level 1 (Chrono Boost)  
  191  12:40  Zealot x4  
  195  13:06  Nexus  
  171  13:28  Stalker x7  
  171  13:29  Stalker x3  
  185  13:34  Gateway  
  185  13:35  Gateway  
  185  13:38  Gateway  
  185  13:40  Gateway  
  185  13:42  Gateway  
  185  13:44  Gateway  
  185  13:46  Pylon  
  185  13:47  Nexus  
  185  13:49  Nexus  
  185  13:52  Pylon  
  185  13:55  Observer (Chrono Boost), Protoss Air Weapons Level 2 (Chrono Boost)  
  187  13:58  Pylon  
  187  14:00  Tempest x2  
  187  14:02  Observer (Chrono Boost)  
  197  14:05  Photon Cannon  
  197  14:06  Protoss Ground Armor Level 3 (Chrono Boost)  
  197  14:07  Observer (Chrono Boost)  
  198  14:14  Photon Cannon  
  198  14:16  Photon Cannon  
  198  14:17  Photon Cannon  
  198  14:20  Photon Cannon  
  198  14:23  Shield Battery, Photon Cannon  
  198  14:25  Shield Battery, Photon Cannon  
  198  14:27  Photon Cannon  
  198  14:29  Shield Battery  
  198  14:30  Shield Battery  
  198  14:31  Probe x2, Photon Cannon  
  198  14:33  Protoss Shields Level 2 (Chrono Boost)  
  194  14:51  Zealot x8  
  190  14:54  Stalker x3  
  190  14:59  Stalker x2  
  165  15:05  High Templar x3  
  159  15:18  Tempest x2  
  159  15:20  Probe x4  
  161  15:28  High Templar x9  
  161  15:29  High Templar x3  
  161  15:33  Archon x5  
  161  15:35  Zealot  
  181  15:40  Tempest  
  182  15:51  Probe x2  
  182  15:53  Assimilator, Probe x2  
  184  15:57  Assimilator  
  184  16:01  Tempest  
  193  16:11  Mothership (Chrono Boost)  
  193  16:20  Photon Cannon  
  193  16:23  Photon Cannon  
  193  16:26  Photon Cannon, Stargate  
  193  16:27  Stalker, Pylon  
  193  16:29  Photon Cannon  
  193  16:30  Shield Battery  
  193  16:32  Pylon, High Templar x2  
  199  16:36  Protoss Air Weapons Level 3 (Chrono Boost)  
  199  16:41  Archon  
  199  16:48  Photon Cannon  
  199  16:50  Photon Cannon  
  199  16:52  Photon Cannon  
  199  16:54  Photon Cannon  
  199  16:56  Photon Cannon  
  199  16:58  Shield Battery  
  199  17:01  Shield Battery  
  199  17:04  Shield Battery  
  199  17:05  Stalker x4  
  199  17:07  Shield Battery  
  199  17:08  Stalker  
  199  17:10  Pylon  
  199  17:14  Stalker x7  
  199  17:15  Stalker  
  197  17:21  Zealot x3  
  185  17:29  Immortal  
  187  17:33  High Templar x5  
  187  17:34  Probe  
  187  17:36  Probe  
  196  17:40  Probe  
  196  17:43  Archon x2, High Templar  
  199  17:44  Probe  
  196  17:57  High Templar x2  
  200  17:58  Photon Cannon  
  200  18:02  Archon  
  200  18:09  Photon Cannon  
  200  18:11  Photon Cannon  
  200  18:12  Protoss Shields Level 3  
  196  18:28  Archon  
  196  18:29  Unknown  
  196  18:32  Zealot x8  
  200  18:35  Immortal  
  195  18:46  Immortal  
  199  19:07  Protoss Air Armor Level 1 (Chrono Boost)  
  197  19:18  High Templar  
  199  19:26  Photon Cannon  
  199  19:29  Photon Cannon  
  199  19:36  Pylon  
  199  19:37  Nexus  
  169  20:01  Stalker x3  
  169  20:02  Stalker x10  
  169  20:04  Zealot x3  
  177  20:17  Photon Cannon  
  177  20:18  Photon Cannon  
  177  20:20  Photon Cannon  
  177  20:21  Observer, Immortal  
  177  20:27  Zealot x14  
  195  20:30  Observer  
  195  20:35  High Templar x2  
  195  20:37  Shield Battery  
  195  20:40  Shield Battery  
  195  20:42  Shield Battery  
  199  20:44  Pylon  
  199  21:01  Pylon  
  199  21:10  Assimilator  
  199  21:13  Assimilator  
  199  21:14  Protoss Air Armor Level 2 (Chrono Boost)  
  199  21:15  Nexus, Pylon  
  199  21:21  Photon Cannon  
  199  21:23  Photon Cannon  
  199  21:25  Photon Cannon  
  197  21:27  Shield Battery  
  197  21:28  Shield Battery  
  197  21:33  Shield Battery  
  197  21:36  Assimilator  
  195  21:40  Assimilator  
  195  21:43  Pylon  
  195  21:51  High Templar x2  
  200  21:55  Archon  
  200  21:57  Observer  
  199  22:13  Observer  
  190  22:32  Zealot  
  190  22:33  Zealot x4  
  196  22:43  Probe x3  
  198  22:48  High Templar  
  192  23:04  Nexus, High Templar x2  
  192  23:05  High Templar x7  
  200  23:10  Archon x2  
  200  23:11  Archon  
  200  23:12  Archon  
  200  23:15  Archon  
  200  23:21  Pylon  
  200  23:24  Photon Cannon  
  200  23:25  Photon Cannon  
  200  23:27  Photon Cannon  
  200  23:29  Photon Cannon  
  200  23:30  Shield Battery  
  200  23:32  Shield Battery  
  200  23:34  Shield Battery  
  200  23:36  Shield Battery  
  200  23:37  Observer (Chrono Boost)  
  200  23:38  Pylon  
  200  23:39  Pylon  
  192  23:43  Observer (Chrono Boost)  
  192  23:44  Pylon  
  192  23:47  Assimilator, Photon Cannon  
  188  23:49  Photon Cannon  
  188  23:51  High Templar x5, Photon Cannon  
  188  23:53  Photon Cannon  
  188  23:55  Photon Cannon  
  191  24:12  Tempest  
  191  24:13  Tempest  
  191  24:16  Stalker  
  191  24:17  Stalker x9  
  162  24:25  Zealot x5  
  172  24:32  Tempest x2  
  172  24:35  Stalker  
  172  24:36  Probe x3  
  172  24:37  Probe x3  
  190  24:42  Stalker x5  
  197  25:02  Archon  
  185  25:13  High Templar x3  
  185  25:14  High Templar x4  
Tags
 
Add a new tag
Caveats
  • Supply blocks, unpowered buildings, or Contaminate may cause inaccurate times.
  • Supply counts are checked every 10 seconds.